 Dungeon Crawl Stone Soup version 0.23.2 (webtiles) character file.

Game seed: 6676805561021340794

284 cklessthan3 the Slinger (level 6, -2/41 HPs)
             Began as a Halfling Hunter on Apr 5, 2019.
             Was an Initiate of Ru.
             Slain by Grinder (4 damage)
             ... while paralysed by Grinder
             ... on level 3 of the Dungeon.
             The game lasted 00:04:32 (2316 turns).

cklessthan3 the Slinger (Halfling Hunter)           Turns: 2316, Time: 00:04:34

Health: -2/41      AC:  6    Str: 15    XL:     6   Next: 55%
Magic:  6/6        EV:  3    Int:  9    God:    Ru [......]
Gold:   161        SH:  0    Dex: 15    Spells: 5/5 levels left

rFire    . . .     SeeInvis .   a - +1 hunting sling
rCold    . . .     Gourm    .   (shield restricted)
rNeg     . . .     Faith    .   h - +0 ring mail
rPois    .         Spirit   .   (no helmet)
rElec    .         Reflect  .   (no cloak)
rCorr    .         Harm     .   s - +0 pair of gloves
MR       .....                  (no boots)
Stlth    +.........             (no amulet)
HPRegen  0.13/turn              (no ring)
MPRegen  0.10/turn              (no ring)

@: paralysed
A: small, mutation resistance 1
a: Renounce Religion


You were on level 3 of the Dungeon.
You worshipped Ru.
Ru was noncommittal.
You were hungry.

You visited 1 branch of the dungeon, and saw 3 of its levels.

You collected 161 gold pieces.

Inventory:

Hand Weapons
 a - a +1 hunting sling (weapon)
 g - a +0 dagger of electrocution
Missiles
 j - 50 stones (quivered)
Armour
 h - a +0 ring mail (worn)
 s - a +0 pair of gloves (worn)
Wands
 q - a wand of iceblast (7)
Scrolls
 e - 3 scrolls of identify {unknown}
 i - a scroll of random uselessness {unknown}
 k - a scroll of enchant armour {unknown}
 l - 3 scrolls of teleportation {unknown}
 m - 2 scrolls of amnesia {unknown}
 p - a scroll of immolation {unknown}
Potions
 b - 2 potions of heal wounds {unknown}
 c - 3 potions of curing {unknown}
 n - a potion of degeneration {unknown}
 o - a potion of invisibility {unknown}
 r - a potion of cancellation {unknown}
Comestibles
 f - 4 rations


   Skills:
 + Level 2.9 Fighting
 + Level 9.5 Slings
 + Level 1.1 Armour
 + Level 2.5 Dodging
 + Level 1.2 Stealth


You had 5 spell levels left.
You didn't know any spells.
Your spell library was empty.

Dungeon Overview and Level Annotations

Branches:
Dungeon (3/15)

Altars:
Cheibriados
Elyvilon
Ru

Annotations:
D:3 Grinder


Innate Abilities, Weirdness & Mutations

You are small and have problems with some larger weapons.
You are somewhat resistant to further mutation.


Message History

Aim: Grinder (almost dead)
You shoot a stone.
The stone hits Grinder but does no damage.
Grinder is almost dead.
Grinder gestures at you.
You suddenly lose the ability to move!
Grinder hits you.
You writhe in agony.
Grinder hits you. Grinder hits you!
* * * LOW HITPOINT WARNING * * *
You writhe in agony.
* * * LOW HITPOINT WARNING * * *
Grinder gestures at you. You resist with significant effort. Grinder hits you.
* * * LOW HITPOINT WARNING * * *
You writhe in agony.
* * * LOW HITPOINT WARNING * * *
Grinder hits you.
You die...

##...+...........................
#.###....#################......
#.###....# #...... #........#
#...... #........# #......
##........# ###....
......############ #....
#.....'..........# #....
#.#...##########@# #....
#.#...########...5(.((.# #####
#.#.........##...(....(#
####......##.........# #.#
#......##.........# ### #.#
#รท.....##.........# #.. #.#
#......##...(.((.(# #..
#.####......##.........# #..
#.#..'......+ #..


You could see Grinder.

Vanquished Creatures
  A scorpion (D:3)
  2 orc wizards (D:3)
  An orc priest (D:3)
  A worker ant (D:3)
  4 adders
  An ooze (D:2)
  2 worms
  3 dart slugs (D:3)
  2 leopard geckos (D:1)
  3 orcs (D:3)
  8 bats
  5 giant cockroaches
  4 goblins
  8 hobgoblins
  4 jackals (D:1)
  6 kobolds
  3 quokkas (D:2)
  A ball python (D:3)
  3 frilled lizards
  8 rats
70 creatures vanquished.

Notes
Turn   | Place    | Note
-------+----------+-------------------------------------------
     0 | D:1      | cklessthan3 the Halfling Hunter began the quest for the
                  | Orb.
     0 | D:1      | Reached XP level 1. HP: 14/14 MP: 1/1
    12 | D:1      | Reached skill level 6 in Slings
    26 | D:1      | Reached XP level 2. HP: 18/19 MP: 2/2
   259 | D:1      | Reached XP level 3. HP: 24/24 MP: 3/3
   292 | D:1      | Reached skill level 7 in Slings
   800 | D:2      | Reached XP level 4. HP: 25/29 MP: 4/4
   962 | D:2      | Found a sacrificial altar of Ru.
   993 | D:2      | Became a worshipper of Ru the Awakened
  1287 | D:2      | Found a white marble altar of Elyvilon.
  1428 | D:3      | Reached skill level 8 in Slings
  1428 | D:3      | Reached XP level 5. HP: 30/35 MP: 5/5
  1574 | D:3      | Reached XP level 6. HP: 33/41 MP: 6/6
  1576 | D:3      | Reached skill level 9 in Slings
  1576 | D:3      | Reached skill level 1 in Armour
  2254 | D:3      | Found a snail-covered altar of Cheibriados.
  2295 | D:3      | Noticed Grinder
  2310 | D:3      | Paralysed by Grinder for 6 turns
  2315 | D:3      | HP: 2/41 [Grinder (4)]
  2316 | D:3      | Slain by Grinder

Skill      XL: |  1  2  3  4  5  6 |
---------------+-------------------+-----
Slings         | 6 7 8 9 |  9.5
Fighting       | 2 |  2.9
Armour         | 1 |  1.1
Dodging        | |  2.5
Stealth        | |  1.2

Action                   |  1- 3 |  4- 6 || total
-------------------------+-------+-------++-------
Melee: Dagger            |    24 |       ||    24
       Short sword       |     3 |       ||     3
 Fire: Hunting sling     |    80 |   141 ||   221
  Eat: Ration            |       |     1 ||     1
Armor: Ring mail         |    19 |     6 ||    25
       Leather armour    |     1 |       ||     1
Dodge: Dodged            |    53 |    22 ||    75
